 Dungeon Crawl Stone Soup version 0.31-a0-632-g766dd24fdf (webtiles) character file.

Game seed: 2278819611458777736

674 thirtiethelement the Shooter (level 7, -1/52 HPs)
             Began as a Demonspawn Hunter on Aug 26, 2023.
             Splashed by a jelly's acid (5 damage)
             ... on level 5 of the Dungeon.
             The game lasted 00:07:58 (4198 turns).

thirtiethelement the Shooter (Demonspawn Hunter)    Turns: 4198, Time: 00:07:59

Health: -1/52      AC:  8    Str: 12    XL:     7   Next: 33%
Magic:  7/7        EV:  9    Int: 16    God:
Gold:   192        SH:  4    Dex: 18    Spells: 6/6 levels left

rFire   + . .        b - +4 dagger
rCold   . . .        u - +0 buckler
rNeg    + . .        y - +0 chain mail {rF+}
rPois   .            (helmet currently unavailable)
rElec   .            (cloak currently unavailable)
rCorr   .            (gloves currently unavailable)
SInv    .            (boots currently unavailable)
Will    .....        i - amulet of magic regeneration Stlth
                     q - ring of positive energy
HPRegen 0.28/turn    s - +6 ring of intelligence
MPRegen 0.50/turn

%: no passive effects
@: beast-form
A: beast (slay +1), repulsion field 2, weakness stinger 2
a: Begin Untransformation


You were on level 5 of the Dungeon.
You were a hulking beast.
You visited 1 branch of the dungeon, and saw 5 of its levels.

You collected 192 gold pieces.

Inventory:

Hand Weapons
 a - a +2 sling of freezing
 b - a +4 dagger (weapon)
Missiles
 v - 2 throwing nets
Armour
 k - a +0 helmet of intelligence
 u - a +0 buckler (worn)
 y - a +0 chain mail of fire resistance (worn)
Jewellery
 i - an amulet of magic regeneration (around neck)
 q - a ring of positive energy (left hand)
 s - a +6 ring of intelligence (right hand)
Talismans
 f - a beast talisman (active)
Wands
 A - a wand of flame (24)
Scrolls
 d - a scroll of butterflies
 h - a scroll of amnesia {unknown}
 n - a scroll of enchant weapon {unknown}
 o - 2 scrolls of identify {unknown}
 r - 3 scrolls of revelation {unknown}
 w - 2 scrolls of enchant armour {unknown}
 x - a scroll of blinking {unknown}
 z - a scroll of teleportation {unknown}
Potions
 c - a potion of berserk rage {unknown}
 e - a potion of attraction {unknown}
 g - a potion of resistance {unknown}
 j - a potion of heal wounds {unknown}
 l - a potion of ambrosia {unknown}
 m - a potion of brilliance {unknown}
 p - a potion of invisibility {unknown}
 t - 2 potions of haste {unknown}


   Skills:
 + Level 3.1 Fighting
 + Level 1.1 Short Blades
 + Level 6.2 Ranged Weapons
 + Level 2.3 Armour
 + Level 2.3 Dodging
 + Level 1.4 Stealth
 * Level 2.5 Shapeshifting


You had 6 spell levels left.
You didn't know any spells.
Your spell library contained the following spells:

 Spells                   Type           Power      Damage    Failure   Level
 Freeze                   Ice            0%         1d3       100%        1
 Poisonous Vapours        Pois/Air       0%         N/A       100%        2
 Frozen Ramparts          Ice            0%         1d1       100%        3
 Hailstorm                Conj/Ice       0%         3d3       100%        3
 Mephitic Cloud           Conj/Pois/Air  0%         N/A       100%        3
 Freezing Cloud           Conj/Ice/Air   0%         6-21      100%        5


Dungeon Overview and Level Annotations

Branches:
Dungeon (5/15)
 Temple: D:4-7

Altars:
Trog

Annotations:
D:2 1 runed translucent door, Crazy Yiuf


Innate Abilities, Weirdness & Mutations

You are a hulking beast.
Your limbs bulge with bestial killing power. (Slay +1)
You are surrounded by a moderate repulsion field. (EV +3)
You have a tail ending in a sharp stinger.


Message History

b - a +4 dagger (weapon)
You barely miss the hound.
The hound is moderately wounded.
The hound bites you. x2
You hit the hound.
The hound is moderately wounded.
The hound completely misses you. The hound bites you but does no damage.
You puncture the hound! You tail-slap the hound.
The hound is almost dead.
The hound bites you but does no damage.
You hit the hound.
You kill the hound!
You hit the ogre.
The ogre is lightly wounded.
The ogre hits you with a +0 giant club!!
You hit the ogre.
The ogre is moderately wounded.
You hit the ogre.
The ogre is heavily wounded.
The ogre hits you with a +0 giant club!
* * * LOW HITPOINT WARNING * * *
You hit the ogre.
The ogre is severely wounded.
The ogre barely misses you.
You hit the ogre.
The ogre is almost dead.
You hit the ogre.
You kill the ogre!
You hit the jelly.
Your hands burn!
* * * LOW HITPOINT WARNING * * *
The jelly is heavily wounded.
The jelly barely misses you.
You barely miss the jelly.
The jelly is heavily wounded.
You block the jelly's attack.
You hit the jelly.
Your hands burn!
* * * LOW HITPOINT WARNING * * *
The jelly is severely wounded.
You hit the jelly.
Your hands burn!
You die...

###...... .#
#... ...# .#
.......##.# #..
..... ....>..
#####.#..#####.
...............
#J# #h# #.# #.#
#.# #.# #.# #.#
#.# #.#


You could see a jelly.

Vanquished Creatures
  2 ogres
  A centaur (D:4)
  2 scorpions (D:4)
  A hound (D:5)
  2 jellies
  Robin (D:2)
  4 gnolls (D:4)
  7 adders
  A white imp (D:5)
  A worm (D:2)
  4 dart slugs
  5 orcs
  7 ball pythons
  8 bats
  10 endoplasms
  4 giant cockroaches
  24 goblins
  5 hobgoblins
  4 quokkas
  A frilled lizard (D:1)
  6 kobolds
  3 rats
103 creatures vanquished.

Notes
Turn   | Place    | Note
-------+----------+-------------------------------------------
     0 | D:1      | thirtiethelement the Demonspawn Hunter began the quest for
                  | the Orb.
     0 | D:1      | Reached XP level 1. HP: 16/16 MP: 1/1
   122 | D:1      | Reached skill level 4 in Ranged Weapons
   145 | D:1      | Gained mutation: You have a small tail. [demonic ancestry]
   145 | D:1      | Reached XP level 2. HP: 22/22 MP: 2/2
   696 | D:1      | Reached XP level 3. HP: 27/27 MP: 3/3
  1295 | D:2      | Noticed Robin
  1328 | D:2      | HP: 1/27 [Robin/+0 dagger (4)]
  1329 | D:2      | Killed Robin
  1330 | D:2      | Gained mutation: You have a tail ending in a sharp stinger.
                  | [demonic ancestry]
  1330 | D:2      | Reached XP level 4. HP: 1/33 MP: 4/4
  1564 | D:2      | Found a faded altar of an unknown god.
  1583 | D:2      | You fall into a shaft and drop 2 floors!
  1692 | D:3      | Reached skill level 5 in Ranged Weapons
  1700 | D:3      | Reached skill level 1 in Shapeshifting
  1796 | D:2      | Found a runed translucent door.
  1797 | D:2      | Noticed Crazy Yiuf
  2264 | D:3      | Reached skill level 1 in Armour
  2264 | D:3      | Reached skill level 1 in Stealth
  2264 | D:3      | Gained mutation: You are surrounded by a mild repulsion
                  | field. (EV +2) [demonic ancestry]
  2264 | D:3      | Reached XP level 5. HP: 38/38 MP: 5/5
  2278 | D:3      | Found a bloodstained altar of Trog.
  2859 | D:4      | Noticed an ogre
  2881 | D:4      | Killed an ogre
  2882 | D:4      | Gained mutation: You are surrounded by a moderate repulsion
                  | field. (EV +3) [demonic ancestry]
  2882 | D:4      | Reached XP level 6. HP: 43/46 MP: 6/6
  3094 | D:4      | Reached skill level 1 in Short Blades
  3595 | D:4      | Reached skill level 6 in Ranged Weapons
  3595 | D:4      | Reached XP level 7. HP: 34/51 MP: 7/7
  4084 | D:5      | Entered Level 5 of the Dungeon
  4198 | D:5      | Splashed by a jelly's acid

Illustrated notes

Levels and vault maps discovered:
D:1:      sevenhm_arrival_forest_fort_small_5, layout_loops_corners,
          serial_forest, infiniplex_forest_lined_2, infiniplex_forest_join,
          infiniplex_forest_side_room, infiniplex_forest_3_way,
          infiniplex_forest_clump_long, infiniplex_forest_lined_4_way,
          infiniplex_forest_lined_4_way, infiniplex_forest_end_1, minmay_cupped
D:2:      layout_rooms, dreamdust_ecumenical_altar_grove,
          uniq_crazy_yiuf_cottage, uniq_robin
D:3:      layout_basic, elyvilon_altar_3, lemuel_coloured_pillars_altar,
          minmay_strange_pillars, hangedman_abyss_or_decor_stabs
D:4:      layout_basic, serial_co_window_serial, co_window_of_opportunity_a,
          co_window_cross_1, co_window_of_opportunity_a, co_window_corner_a,
          co_window_of_opportunity_a, co_window_cross_1, co_window_paths_b,
          co_window_unsneaky_path_d, co_window_of_opportunity_b,
          co_window_corner_ca, co_window_corner_b, co_window_of_opportunity_c,
          co_window_sun, co_window_4corner_a, glass_columns_a, glass_columns_c,
          glass_columns_c, glass_columns_b, glass_columns_c,
          minmay_ogre_servants
D:5:      layout_basic, nicolae_uskayaw_dance_hall,
          gammafunk_temple_overflow_statue, minmay_temple_entry_ruins,
          moated_statue

Skill      XL: |  1  2  3  4  5  6  7 |
---------------+----------------------+-----
Ranged Weapons | 4 5 6 |  6.2
Dodging        | 2 |  2.3
Shapeshifting  | 1 2 |  2.5
Armour         | 1 2 |  2.3
Stealth        | 1 |  1.4
Short Blades   | 1 |  1.1
Fighting       | 3 |  3.1

Action                     |  1- 3 |  4- 6 |  7- 9 || total
---------------------------+-------+-------+-------++-------
  Melee: Dagger            |    33 |    41 |    14 ||    88
         Tailslap          |     4 |     4 |     1 ||     9
   Fire: Shortbow          |    82 |       |       ||    82
         Sling             |       |    94 |    14 ||   108
 Armour: Leather armour    |    10 |     4 |       ||    14
         Chain mail        |       |       |     8 ||     8
  Dodge: Dodged            |    18 |    25 |     6 ||    49
  Block: Buckler           |       |     8 |     1 ||     9
   Form: Beast             |     1 |       |       ||     1

Table legend: (Time is in decaauts)
 A = Elapsed time spent in this place.
 B = Non-inter-level travel time spent in this place.
 C = Inter-level travel time spent in this place.
 D = Time resting spent in this place.
 E = Time spent auto-exploring this place.
 F = Levels seen in this place.
 G = Mean time per level.
                   A        B        C        D        E       F      G
               +--------+--------+--------+--------+--------+-----+--------+
         Total |   4233 |   4079 |    154 |    155 |   3353 |   5 |  846.6 |
       Dungeon |   4233 |   4079 |    154 |    155 |   3353 |   5 |  846.6 |
               +--------+--------+--------+--------+--------+-----+--------+

Top non-repeatable levels by time:
     D:4: 1452 daAuts
     D:1: 1227 daAuts
     D:3: 823 daAuts
     D:2: 608 daAuts
     D:5: 120 daAuts
